 Dungeon Crawl Stone Soup version 0.28.0 (webtiles) character file.

Game seed: 14411719980230312231

50 pkoi the Chopper (level 3, 0/30 HPs)
             Began as a Minotaur Gladiator on Feb 16, 2022.
             Slain by a gnoll (9 damage)
             ... on level 2 of the Dungeon.
             The game lasted 00:02:33 (2695 turns).

pkoi the Chopper (Minotaur Gladiator)               Turns: 2695, Time: 00:02:33

Health: 0/30       AC:  3    Str: 20    XL:     3   Next: 55%
Magic:  2/2        EV: 12    Int:  5    God:
Gold:   95         SH:  0    Dex: 11    Spells: 2/2 levels left

rFire   . . .      SeeInvis .   a - +0 war axe
rCold   . . .      Faith    .   (no shield)
rNeg    . . .      Spirit   .   b - +0 leather armour
rPois   .          Reflect  .   c - +0 hat
rElec   .          Harm     .   (no cloak)
rCorr   .          Rampage  .   (no gloves)
Will    .....                   (no boots)
Stlth   +.........              (no amulet)
HPRegen 0.10/turn               (no ring)
MPRegen 0.08/turn               (no ring)

@: no status effects
A: horns 2, retaliatory headbutt
a: no special abilities


You were on level 2 of the Dungeon.
You visited 1 branch of the dungeon, and saw 2 of its levels.

You collected 95 gold pieces.

Inventory:

Hand Weapons
 a - a +0 war axe (weapon)
Missiles
 d - 3 throwing nets (quivered)
 e - 9 poisoned darts
Armour
 b - a +0 leather armour (worn)
 c - a +0 hat (worn)
Wands
 j - a wand of polymorph (6)
Scrolls
 f - 2 scrolls of teleportation {unknown}
 i - a scroll of identify {unknown}
Potions
 g - a potion of might {unknown}
 h - a potion of haste {unknown}


   Skills:
 - Level 2.4 Fighting
 + Level 5.6 Axes
 - Level 2.0 Throwing
 - Level 3.2 Dodging


You had 2 spell levels left.
You didn't know any spells.
Your spell library contained the following spells:

 Spells                   Type           Power      Damage    Failure   Level
 Tukima's Dance           Hex            0%         N/A       88%         3
 Anguish                  Hex/Necr       0%         N/A       99%         4
 Conjure Ball Lightning   Conj/Air       0%         3x3d6     100%        6
 Enfeeble                 Hex            0%         N/A       100%        7
 Discord                  Hex            0%         N/A       100%        8
 Disjunction              Tloc           0%         N/A       100%        8


Dungeon Overview and Level Annotations

Branches:
Dungeon (2/15)

Altars:

Annotations:
D:2 Sigmund


Innate Abilities, Weirdness & Mutations

You have a pair of horns on your head.
You reflexively headbutt those who attack you in melee.


Message History

You kill the goblin!
No target in view!
No target in view!
No target in view!
No target in view!
HP restored.
You see here a +0 dagger.
A gnoll comes into view. It is wielding a +0 spear.
The gnoll shouts!
You hear a shout!
Sigmund the Dreaded comes into view.
He is wielding a +0 scythe.
A gnoll comes into view. It is wielding a +0 halberd.
A gnoll comes into view. It is wielding a +0 club.
There are monsters nearby!
There are monsters nearby!
The gnoll shouts!
You see here a +0 dagger.
You see here a hobgoblin skeleton.
There is an open door here.
Sigmund casts a spell.
Sigmund flickers and vanishes!
Deactivating autopickup; reactivate with Ctrl-A.
The gnoll hits you from afar with a +0 spear.
There is an escape hatch in the floor here.
Sigmund appears from thin air!
Reactivating autopickup.
You see here a +0 club.
There is a stone staircase leading up here.
The gnoll closely misses you.
The gnoll hits you from afar with a +0 spear.
* * * LOW HITPOINT WARNING * * *
The gnoll closely misses you. The gnoll hits you with a +0 spear.
* * * LOW HITPOINT WARNING * * *
The gnoll closely misses you.
The gnoll hits you from afar with a +0 halberd!
* * * LOW HITPOINT WARNING * * *
The gnoll hits you from afar with a +0 spear.
* * * LOW HITPOINT WARNING * * *
There is a stone staircase leading up here.
The gnoll hits you from afar with a +0 halberd!
You die...

#.#.#.###..#.####.##
#.#.#......#.# #.#
#.#.#.##...#.# #g#
#...#†##...#.# #.#
#####.##...#.# #.#
..##...#.# #g# ####g..#.#
#.# #########...#.# #.#
........g.@...# #.#
########################.#
..............g...g..[##.#
#####################.##.#
#### #.##.# .... #.##.#
.... #.##.# .... #.##.#
#### #.##.#


You could see 2 gnolls.

Vanquished Creatures
  2 worms (D:2)
  2 dart slugs
  2 endoplasms
  A giant cockroach (D:2)
  6 goblins
  5 hobgoblins
  2 quokkas
  2 ball pythons (D:1)
  4 bats
  2 frilled lizards
  5 kobolds
  6 rats
39 creatures vanquished.

Notes
Turn   | Place    | Note
-------+----------+-------------------------------------------
     0 | D:1      | pkoi the Minotaur Gladiator began the quest for the Orb.
     0 | D:1      | Reached XP level 1. HP: 18/18 MP: 0/0
   291 | D:1      | Reached skill level 4 in Axes
   367 | D:1      | Reached XP level 2. HP: 23/25 MP: 1/1
  1062 | D:1      | Reached skill level 5 in Axes
  1438 | D:2      | Reached XP level 3. HP: 9/30 MP: 2/2
  2378 | D:2      | Noticed Sigmund
  2695 | D:2      | Slain by a gnoll

Illustrated notes

Levels and vault maps discovered:
D:1:      giann_bridges, layout_basic
D:2:      layout_basic, uniq_sigmund

Skill      XL: |  1  2 |
---------------+-------+-----
Axes           | 4 5 |  5.6
Fighting       | |  2.4
Throwing       | |  2.0
Dodging        | |  3.2

Action                   || total
-------------------------++-------
Melee: War axe           ||    78
       Headbutt          ||     8
Throw: Dart              ||     3
       Throwing net      ||     1
 Stab: Sleeping          ||     1
Armor: Leather armour    ||    20
Dodge: Dodged            ||    57
